 Dungeon Crawl Stone Soup version 0.28-a0-10-g964c8b829e (webtiles) character file.

Game seed: 1804059865605332797

53 Gwenloh the Covered (level 3, 0/30 HPs)
             Began as a Barachi Fighter on July 25, 2021.
             Slain by a goblin (4 damage)
             ... led by Robin
             ... on level 2 of the Dungeon.
             The game lasted 00:09:10 (1651 turns).

Gwenloh the Covered (Barachi Fighter)               Turns: 1651, Time: 00:09:11

Health: 0/30       AC:  7    Str: 17    XL:     3   Next: 87%
Magic:  3/3        EV:  7    Int: 14    God:
Gold:   52         SH:  9    Dex: 12    Spells: 2/2 levels left

rFire   . . .      SeeInvis .   a - +0 long sword
rCold   . . .      Faith    .   c - +0 kite shield
rNeg    . . .      Spirit   .   g - +0 scale mail
rPois   .          Reflect  .   (no helmet)
rElec   .          Harm     .   (no cloak)
rCorr   +          Rampage  .   (no gloves)
Will    .....                   (no boots)
Stlth   ..........              (no amulet)
HPRegen 0.10/turn               n - +6 ring of intelligence
MPRegen 0.08/turn               o - ring of resist corrosion

@: slow
A: amphibious, slowness 1, strong legs 1, +LOS
a: Hop


You were on level 2 of the Dungeon.
You visited 1 branch of the dungeon, and saw 2 of its levels.

You collected 52 gold pieces.

Inventory:

Hand Weapons
 a - a +0 long sword (weapon)
 b - a +1 hunting sling of freezing
Missiles
 h - 29 stones
 j - 31 sling bullets
 k - 15 poisoned darts
Armour
 c - a +0 kite shield (worn)
 g - a +0 scale mail (worn)
Jewellery
 n - a +6 ring of intelligence (left hand)
 o - a ring of resist corrosion (right hand)
Scrolls
 f - a scroll of identify {unknown}
 l - a scroll of fear {unknown}
 m - a scroll of immolation {unknown}
 p - a scroll of amnesia {unknown}
 q - a scroll of teleportation {unknown}
Potions
 d - 2 potions of might
 e - 3 potions of mutation {unknown}
 i - a potion of heal wounds {unknown}
 r - a potion of lignification {unknown}
 s - a potion of curing {unknown}


   Skills:
 + Level 4.1 Fighting
 + Level 3.1 Long Blades
 + Level 4.2 Armour
 + Level 3.9 Shields


You had 2 spell levels left.
You didn't know any spells.
Your spell library was empty.

Dungeon Overview and Level Annotations

Branches:
Dungeon (2/15)

Altars:

Annotations:
D:2 Robin


Innate Abilities, Weirdness & Mutations

You are amphibious.
You cover ground slowly.
You can hop short distances.
You have an extended range of vision and can be seen from far away.


Message History

The hobgoblin is almost dead.
You block the hobgoblin's attack. You block the goblin's attack.
Robin roars a battlecry!
The goblins go into a battle-frenzy!
The goblin hits you but does no damage.
The hobgoblin hits you but does no damage.
The goblin completely misses you. The goblin hits you with a +0 dagger.
You hit the hobgoblin.
You kill the hobgoblin!
The goblin hits you but does no damage. x2; The goblin completely misses you.
You riposte.
You slash the goblin!
You kill the goblin!
You block the hobgoblin's attack. You block the goblin's attack.
The hobgoblin hits you. The goblin hits you with a +0 club.
* * * LOW HITPOINT WARNING * * *
Things that are here:
a +0 dagger; a hobgoblin corpse You barely miss the goblin.
The goblin hits you but does no damage.
The hobgoblin hits you but does no damage.
The goblin hits you with a +0 club.
* * * LOW HITPOINT WARNING * * *
You block the goblin's attack.
Robin roars a battlecry!
The goblins go into a battle-frenzy!
You closely miss the goblin.
The goblin no longer looks unusually strong.
You block the hobgoblin's attack. The goblin closely misses you.
You riposte.
You barely miss the goblin. You block the goblin's attack.
Robin roars a battlecry!
The goblin goes into a battle-frenzy!
You closely miss the goblin.
The goblin no longer looks unusually strong.
You block the hobgoblin's attack. The goblin barely misses you.
You block the goblin's attack. You block the hobgoblin's attack.
You block the goblin's attack. The goblin hits you but does no damage.
Robin roars a battlecry!
You barely miss the goblin. The hobgoblin hits you.
* * * LOW HITPOINT WARNING * * *
The goblin hits you with a +0 club.
You die...

#..g#.....# .
...#.#.....# # #.##
#.#..†#..# # ..
#...#......# # .#
#.###.#gg...[### #
#....gg.#..#...# #
#.###g#.#.##
..####### #.gg#.#.#
#.#...... #.#@#g#.#
#.#.##### #.#g#.#.#
#.#.####.
#.#gg.#.####....##..
#.#####.......(.##..
#.......####....##.#
#.#####.# #.#####.#
#.# #.# #.# #.# #.#
#.####.# #.# #.#
#......# #.#


You could see Robin, 2 hobgoblins and 5 goblins.

Vanquished Creatures
  A worm (D:2)
  4 bats
  An endoplasm (D:1)
  3 giant cockroaches (D:1)
  3 goblins
  6 hobgoblins
  7 jackals
  2 quokkas (D:1)
  6 ball pythons (D:1)
  3 frilled lizards (D:1)
  3 kobolds (D:1)
  2 rats (D:1)
41 creatures vanquished.

Notes
Turn   | Place    | Note
-------+----------+-------------------------------------------
     0 | D:1      | Gwenloh the Barachi Fighter began the quest for the Orb.
     0 | D:1      | Reached XP level 1. HP: 18/18 MP: 1/1
   111 | D:1      | Reached XP level 2. HP: 25/25 MP: 2/2
   759 | D:1      | Reached XP level 3. HP: 30/30 MP: 3/3
  1612 | D:2      | Identified the +0 helmet of Forking Paths {+Inv Regen+
                  | Dex-4 Stlth-}
  1612 | D:2      | Noticed Robin
  1651 | D:2      | Slain by a goblin

Illustrated notes

Levels and vault maps discovered:
D:1:      erik_arrival_triangle_medium, layout_loops_corners, minmay_unequal
D:2:      layout_loops_ring, roderic_lattice_a, uniq_robin

Skill      XL: |  1  2  3 |
---------------+----------+-----
Fighting       | 4 |  4.1
Armour         | 4 |  4.2
Long Blades    | 3 |  3.1
Shields        | |  3.9

Action                   || total
-------------------------++-------
Melee: Long sword        ||    92
 Fire: Hunting sling     ||    33
Armor: Scale mail        ||    76
Dodge: Dodged            ||    44
Block: Kite shield       ||    73
       Rpst.: Long sword ||    14

Table legend: (Time is in decaauts)
 A = Elapsed time spent in this place.
 B = Non-inter-level travel time spent in this place.
 C = Inter-level travel time spent in this place.
 D = Time resting spent in this place.
 E = Time spent auto-exploring this place.
 F = Levels seen in this place.
 G = Mean time per level.
                   A        B        C        D        E       F      G
               +--------+--------+--------+--------+--------+-----+--------+
         Total |   1924 |   1880 |     44 |      0 |   1511 |   2 |  962.0 |
       Dungeon |   1924 |   1880 |     44 |      0 |   1511 |   2 |  962.0 |
               +--------+--------+--------+--------+--------+-----+--------+

Top non-repeatable levels by time:
     D:1: 1456 daAuts
     D:2: 468 daAuts
